 Dungeon Crawl Stone Soup version 0.20.1-1-g8b1a95d (webtiles) character file.

54 Knicklaso the Grasshopper (level 3, -4/36 HPs)
             Began as an Ogre Warper on July 25, 2017.
             Killed from afar by Sigmund (7 damage)
             ... with a puff of flame
             ... on level 2 of the Dungeon.
             The game lasted 00:05:21 (2084 turns).

Knicklaso the Grasshopper (Ogre Warper)             Turns: 2084, Time: 00:05:21

Health: -4/36      AC:  3    Str: 16    XL:     3   Next: 91%
Magic:  7/7        EV: 10    Int: 14    God:
Gold:   27         SH:  0    Dex:  8    Spells: 3/7 levels left

rFire    . . .     SeeInvis .   a - +0 mace
rCold    . . .     Gourm    .   (no shield)
rNeg     . . .     Faith    .   b - +0 robe
rPois    .         Spirit   .   (helmet restricted)
rElec    .         Reflect  .   (no cloak)
rCorr    .         Harm     .   (gloves unavailable)
MR       .....                  (boots unavailable)
Stlth    +.........             (no amulet)
Regen    0.2/turn               (no ring)
MPRegen  0.1/turn               (no ring)

@: no status effects
A: unfitting armour, tough skin 1
a: no special abilities


You were on level 2 of the Dungeon.
You were very hungry.

You visited 1 branch of the dungeon, and saw 2 of its levels.

You collected 27 gold pieces.

Inventory:

Hand Weapons
 a - a +0 mace (weapon)
Missiles
 h - 3 silver javelins (quivered)
 m - 2 stones
Armour
 b - a +0 robe (worn)
Jewellery
 q - an uncursed ring of ice {unknown}
Scrolls
 d - a scroll of blinking
 g - 2 scrolls of teleportation {unknown}
 j - 2 scrolls of identify {unknown}
 n - a scroll of remove curse {unknown}
 p - 2 scrolls of fog {unknown}
Potions
 o - 2 potions of curing {unknown}
 r - 2 potions of degeneration {unknown}
 s - a potion of cancellation {unknown}
Books
 c - a book of Spatial Translocations

   Spells                             Type                      Level
   a - Blink                          Translocation                2
   b - Shroud of Golubria             Charms/Translocation         2
   c - Lesser Beckoning               Translocation                3
   d - Gell's Gravitas                Translocation                3
   e - Teleport Other                 Translocation                3
   f - Passage of Golubria            Translocation                4
Comestibles
 f - a bread ration
 i - a fruit
 k - 2 meat rations
 l - a royal jelly
 t - a chunk of flesh


   Skills:
 - Level 2.9 Fighting
 * Level 2.5 Maces & Flails
 + Level 1.6 Throwing
 - Level 2.4 Dodging
 + Level 2.7 Spellcasting
 + Level 3.0 Translocations


You had 3 spell levels left.
You knew the following spells:

 Your Spells              Type           Power        Failure   Level  Hunger
a - Shroud of Golubria    Chrm/Tloc      #.........   19%         2    ###....
b - Blink                 Tloc           N/A          10%         2    ###....


Dungeon Overview and Level Annotations

Branches:
Dungeon (2/15)

Altars:

Annotations:
D:2 Sigmund


Innate Abilities, Weirdness & Mutations

You are too large for most types of armour.
You have tough skin. (AC +1)


Message History

Aim: Sigmund, wielding a scythe and wearing an embroidered robe (heavily wounded)
You throw a tomahawk of dispersal.
Throwing (i - inventory. (,) - cycle):
e - a tomahawk of dispersal (quivered)
Press: ? - help, Shift-Dir - straight line, f/p - Sigmund
Aim: Sigmund, wielding a scythe and wearing an embroidered robe (heavily wounded)
You throw a tomahawk of dispersal.
Sigmund points at you and mumbles some strange words.
You resist with some effort.
Throwing (i - inventory. (,) - cycle):
h - 5 silver javelins (quivered)
Press: ? - help, Shift-Dir - straight line, f/p - Sigmund
Aim: Sigmund, wielding a scythe and wearing an embroidered robe (heavily wounded)
You throw a silver javelin.
Throwing (i - inventory. (,) - cycle):
h - 4 silver javelins (quivered)
Press: ? - help, Shift-Dir - straight line, f/p - Sigmund
Aim: Sigmund, wielding a scythe and wearing an embroidered robe (heavily wounded)
You throw a silver javelin.
You feel less confused.
Sigmund points at you and mumbles some strange words.
The puff of flame hits you!
You die...

..# #.##..# # .. ### #.##..#
#.# .# # #.....# @g .# ##
#.†##.# #.###.###.## .##
####).##.## #...?...s... ..##
#.........# #(#
...###.##......# ##.##
....##.#...###.#######...####
....'.....[...@.@...........+
....##.#...###.#######...####
...###.##..###.# ##.## ..##
#.........# ##..# .##
#####.##### #...# ## #.#
#####.#### ##########.#
#........# ...........#
#.###.##.# ##.######### # #.#
#


You could see Sigmund.

Vanquished Creatures
  An adder (D:1)
  A worm (D:2)
  2 dart slugs (D:1)
  4 bats
  4 giant cockroaches
  6 goblins
  A hobgoblin (D:2)
  5 jackals (D:1)
  A ball python (D:1)
  6 frilled lizards (D:1)
  3 kobolds (D:1)
  5 rats
39 creatures vanquished.

Notes
Turn   | Place    | Note
-------+----------+-------------------------------------------
     0 | D:1      | Knicklaso the Ogre Warper began the quest for the Orb.
     0 | D:1      | Reached XP level 1. HP: 22/22 MP: 3/3
    95 | D:1      | Reached XP level 2. HP: 4/29 MP: 5/5
   374 | D:1      | Learned a level 2 spell: Shroud of Golubria
   377 | D:1      | Learned a level 2 spell: Blink
   753 | D:1      | Reached XP level 3. HP: 4/36 MP: 4/7
   757 | D:1      | HP: 2/54 [poisoned by an adder]
   764 | D:1      | HP: 2/54 [poisoned by an adder]
   772 | D:1      | HP: 1/54 [poisoned by an adder]
  1122 | D:1      | Reached skill level 3 in Translocations
  2023 | D:2      | Noticed Sigmund
  2084 | D:2      | Killed from afar by Sigmund

Skill      XL: |  1  2  3 |
---------------+----------+-----
Maces & Flails | 2 |  2.5
Translocations | 3 |  3.0
Fighting       | |  2.9
Throwing       | |  1.6
Dodging        | |  2.4
Spellcasting   | |  2.7

Action                   || total
-------------------------++-------
Melee: Mace              ||   141
Throw: Tomahawk          ||     5
       Javelin           ||     5
       Stone             ||     1
 Cast: Shroud of Golubri ||     4
  Use: Potion            ||     1
  Eat: Chunk             ||     3
Armor: Robe              ||    52
       Skin              ||     3
Dodge: Dodged            ||    88
